 Dungeon Crawl Stone Soup version 0.29-a0-298-g3c90f9a769 (webtiles) character file.

Game seed: 12271527912573055565

3026 Dabor the Tainter (level 9, -12/40 HPs)
             Began as a Deep Elf Venom Mage on Mar 23, 2022.
             Was an Elder of Ignis.
             Shot with a sling bullet by Joseph (22 damage)
             ... on level 7 of the Dungeon.
             The game lasted 00:17:47 (10661 turns).

Dabor the Tainter (Deep Elf Venom Mage)            Turns: 10661, Time: 00:17:48

Health: -12/40     AC:  4    Str:  5    XL:     9   Next: 55%
Magic:  19/23      EV: 16    Int: 25    God:    Ignis [****..]
Gold:   361        SH:  0    Dex: 15    Spells: 15/25 levels left

rFire   + . .      SeeInvis .   F - +5 mace
rCold   + + .      Faith    .   (no shield)
rNeg    . . .      Spirit   .   a - +0 robe
rPois   .          Reflect  .   (no helmet)
rElec   .          Harm     .   (no cloak)
rCorr   .          Rampage  .   u - +0 pair of gloves
Will    .....                   m - +0 pair of boots
Stlth   +.........              (no amulet)
HPRegen 0.13/turn               i - ring of protection from cold
MPRegen 0.18/turn               (no ring)

@: silenced
A: cold resistance 1, frail 1, sense surroundings 1
a: Renounce Religion


You were on level 7 of the Dungeon.
You worshipped Ignis.
Ignis was greatly pleased with you.
You visited 2 branches of the dungeon, and saw 8 of its levels.

You collected 361 gold pieces.

Inventory:

Hand Weapons
 e - a +1 vorpal hand axe
 E - a +1 short sword of holy wrath
 F - a +5 mace (weapon)
Armour
 a - a +0 robe (worn)
 m - a +0 pair of boots (worn)
 u - a +0 pair of gloves (worn)
Magical Staves
 l - a staff of poison
 q - a staff of earth
Jewellery
 d - a ring of ice
 i - a ring of protection from cold (left hand)
Wands
 x - a wand of digging (8)
 y - a wand of paralysis (8)
 G - a wand of mindburst (14)
Scrolls
 c - 2 scrolls of blinking
 g - a scroll of teleportation
 n - a scroll of fear
 o - 3 scrolls of identify
 s - 3 scrolls of enchant weapon
 B - a scroll of brand weapon {unknown}
 D - a scroll of magic mapping {unknown}
 H - a scroll of fog
Potions
 b - 2 potions of magic
 f - 3 potions of brilliance
 h - 2 potions of attraction
 j - a potion of resistance
 k - a potion of mutation
 p - 3 potions of haste
 r - a potion of ambrosia {unknown}
 t - a potion of curing
 v - a potion of degeneration {unknown}
 w - a potion of heal wounds
 A - a potion of flight
 C - 2 potions of invisibility


   Skills:
 + Level 8.0 Dodging
 - Level 3.5 Stealth
 + Level 8.9 Spellcasting
 - Level 1.5 Transmutations
 * Level 10.5 Poison Magic
 - Level 3.0 Evocations


You had 15 spell levels left.
You knew the following spells:

 Your Spells              Type           Power      Damage    Failure   Level
a - Sting                 Tmut/Pois      100%       1d8       1%          1
b - Poisonous Vapours     Pois/Air       74%        N/A       1%          2
c - Olgreb's Toxic Radia  Pois           59%        N/A       1%          4
d - Mephitic Cloud        Conj/Pois/Air  28%        N/A       4%          3

Your spell library contained the following spells:

 Spells                   Type           Power      Damage    Failure   Level
 Animate Skeleton         Necr           22%        N/A       5%          1
 Apportation              Tloc           22%        N/A       5%          1
 Summon Small Mammal      Summ           44%        N/A       5%          1
 Call Canine Familiar     Summ           11%        N/A       17%         3
 Dazzling Flash           Conj/Hex       22%        N/A       17%         3
 Summon Guardian Golem    Hex/Summ       11%        N/A       17%         3
 Iskenderun's Mystic Bla  Conj/Tloc      11%        2d4       50%         4
 Blade Hands              Tmut           9%         N/A       63%         5
 Irradiate                Conj/Tmut      7%         3d16      73%         5
 Agony                    Necr           11%        N/A       83%         5
 Silence                  Hex/Air        5%         N/A       83%         5
 Starburst                Conj/Fire      5%         6d4       100%        6
 Dragon Form              Tmut           9%         N/A       100%        7


Dungeon Overview and Level Annotations

Branches:
Dungeon (7/15)             Temple (1/1) D:4

Altars:
Ashenzari
Elyvilon
Kikubaaqudgha
Okawaru
Ru
Sif Muna
Trog
Uskayaw
Wu Jian
Xom
Yredelemnul
The Shining One
Ignis

Annotations:
D:7 Joseph


Innate Abilities, Weirdness & Mutations

Your flesh is cold resistant. (rC+)
You are frail. (-10% HP)
You passively map a small area around you.


Message History

Aim: Joseph, wielding a +0 hunting sling and wearing a +0 leather armour Poisonous vapours surround Joseph!
Joseph is poisoned.
Joseph smiles happily.
Joseph shoots a sling bullet.
The sling bullet hits you!
A wyvern comes into view.
You see here 10 stones.
You start resting.
Joseph is nearby!
Casting: Poisonous Vapours (safe; 1% risk of failure)
Confirm with . or Enter, or press ? or * to list all spells.
Aiming: Poisonous Vapours (safe; 1% risk of failure)
Press: ? - help, Dir - move target, f/p - Joseph
Aim: Joseph, wielding a +0 hunting sling and wearing a +0 leather armour (lightly wounded) Poisonous vapours surround Joseph!
Joseph is poisoned.
Joseph shoots a sling bullet.
The sling bullet hits you!
Casting: Poisonous Vapours (safe; 1% risk of failure)
Confirm with . or Enter, or press ? or * to list all spells.
Aiming: Poisonous Vapours (safe; 1% risk of failure)
Press: ? - help, Dir - move target, f/p - Joseph
Aim: Joseph, wielding a +0 hunting sling and wearing a +0 leather armour (lightly wounded, very poisoned) Poisonous vapours surround Joseph!
Joseph looks as sick as possible!
Joseph shoots a sling bullet.
The sling bullet misses you.
Casting: Poisonous Vapours (safe; 1% risk of failure)
Confirm with . or Enter, or press ? or * to list all spells.
Aiming: Poisonous Vapours (safe; 1% risk of failure)
Press: ? - help, Dir - move target, f/p - Joseph
Aim: Joseph, wielding a +0 hunting sling and wearing a +0 leather armour (moderately wounded, very poisoned) Poisonous vapours surround Joseph!
Joseph looks as sick as possible!
Joseph shoots a sling bullet.
The sling bullet hits you!
* * * LOW HITPOINT WARNING * * *
Casting: Poisonous Vapours (safe; 1% risk of failure)
Confirm with . or Enter, or press ? or * to list all spells.
You don't know that spell.
Unknown command.
Unknown command.
As you read the scroll labelled REPSAN KIWUETO, it crumbles to dust.
A profound silence engulfs you.
It was a scroll of silence.
Joseph shoots a sling bullet.
The sling bullet hits you!!
Ouch! That really hurt!
You die...

* ≈≈≈........♣≈≈.≈♣≈#
**.♣........#♣≈≈.≈♣♣#
..........###≈P≈.≈♣
....... ...#♣≈≈≈.P♣♣##
.......##..#PP≈≈.≈P≈≈#
............♣≈P≈.≈≈≈≈#
##....#.....♣≈≈≈.PPP≈#
#..#.....♣≈P≈.≈≈≈♣#
#....(....♣≈≈@≈≈≈♣ #
#..#......@♣P.≈≈♣#
.###...##......≈.≈≈#
.......##.........##
.....####....(....#
....## ##....#####
...@# #..### ....##
#....# .....# #...##


You could see Joseph (very poisoned).

Vanquished Creatures
  A hornet (D:7)
  A steam dragon (D:6)
  Edmund (D:5)
  3 black bears
  4 ice beasts
  An orc warrior (D:7)
  3 sky beasts
  2 ogres (D:5)
  A centaur (D:5)
  The ghost of Zigma the Insei, an amateur OpMo (D:3)
  2 phantoms
  Blork the orc (D:6)
  2 scorpions (D:6)
  A wight (D:7)
  2 electric eels (D:7)
  6 hounds
  An orc priest (D:4)
  3 jellies
  Jessica (D:2)
  4 iguanas
  2 orc wizards
  5 gnolls
  15 adders
  A white imp (D:6)
  2 ufetubi (D:5)
  2 worms (D:2)
  2 dart slugs
  19 orcs
  7 ball pythons
  7 endoplasms
  4 giant cockroaches
  2 goblins
  10 hobgoblins
  4 jackals (D:3)
  9 kobolds
  3 quokkas
  5 bats
  2 frilled lizards
  3 rats
145 creatures vanquished.

Vanquished Creatures (others)
  23 foxfires (D:3)
  2 plants (D:7)
25 creatures vanquished.

Grand Total: 170 creatures vanquished

Notes
Turn   | Place    | Note
-------+----------+-------------------------------------------
     0 | D:1      | Dabor the Deep Elf Venom Mage began the quest for the Orb.
     0 | D:1      | Reached XP level 1. HP: 10/10 MP: 6/6
   411 | D:1      | Reached XP level 2. HP: 15/15 MP: 6/8
   855 | D:1      | Found a faded altar of an unknown god.
  1120 | D:1      | Prayed at the altar of an unknown god.
  1120 | D:1      | Became a worshipper of Ignis, the Dying Flame
  1645 | D:2      | Reached XP level 3. HP: 19/19 MP: 6/9
  1966 | D:2      | Reached skill level 4 in Poison Magic
  1984 | D:2      | Noticed Jessica
  1990 | D:2      | Killed Jessica
  1991 | D:2      | Reached XP level 4. HP: 21/24 MP: 4/11
  2306 | D:2      | Learned a level 2 spell: Poisonous Vapours
  2311 | D:2      | Learned a level 4 spell: Olgreb's Toxic Radiance
  2550 | D:2      | Reached XP level 5. HP: 23/28 MP: 9/13
  3139 | D:3      | Noticed Zigma's ghost (amateur OpMo)
  3142 | D:3      | Found a transporter.
  3146 | D:3      | Found a transporter.
  3327 | D:3      | Noticed an ice beast
  3338 | D:3      | Killed an ice beast
  3339 | D:3      | Reached skill level 5 in Poison Magic
  3339 | D:3      | Reached XP level 6. HP: 12/32 MP: 9/15
  4069 | D:3      | Gained mutation: You passively map a small area around you.
                  | [potion of mutation]
  4069 | D:3      | Gained mutation: You are frail. (-10% HP) [potion of
                  | mutation]
  4069 | D:3      | Gained mutation: Your flesh is cold resistant. (rC+)
                  | [potion of mutation]
  4121 | D:3      | Killed Zigma's ghost
  4122 | D:3      | Reached skill level 5 in Spellcasting
  4528 | D:4      | Reached skill level 6 in Poison Magic
  4712 | D:4      | Noticed a sky beast
  4725 | D:4      | Killed a sky beast
  4726 | D:4      | Reached skill level 5 in Dodging
  4726 | D:4      | Reached XP level 7. HP: 31/32 MP: 7/17
  5473 | D:4      | Found a staircase to the Ecumenical Temple.
  5842 | Temple   | Entered the Ecumenical Temple
  5966 | D:5      | Entered Level 5 of the Dungeon
  5998 | D:5      | Reached skill level 7 in Poison Magic
  6083 | D:5      | Found a shimmering altar of Xom.
  6121 | D:5      | Found an ancient bone altar of Kikubaaqudgha.
  6441 | D:5      | Reached XP level 8. HP: 13/36 MP: 8/20
  6443 | D:5      | Noticed Edmund
  6463 | D:5      | Killed Edmund
  6464 | D:5      | Reached skill level 8 in Poison Magic
  7396 | D:5      | Identified a scroll of acquirement
  7396 | D:5      | Acquired a staff of poison
  7437 | D:5      | Learned a level 3 spell: Mephitic Cloud
  7742 | D:6      | Noticed Blork the orc
  7747 | D:6      | Killed Blork the orc
  7748 | D:6      | Reached skill level 9 in Poison Magic
  7748 | D:6      | Reached skill level 1 in Evocations
  8409 | D:6      | Reached XP level 9. HP: 24/40 MP: 13/23
  9788 | D:7      | Reached skill level 10 in Poison Magic
 10568 | D:7      | Noticed Joseph
 10661 | D:7      | Shot with a sling bullet by Joseph

Illustrated notes

Levels and vault maps discovered:
D:1:      saegor_arrival_simple_a, layout_basic,
          shapermc_ecumenical_altar_mp_ritualfount, kennysheep_doodads,
          minmay_misc_feat_x
D:2:      minmay_chambers_of_twos, layout_rooms, minmay_snake_closets,
          uniq_jessica
D:3:      layout_loops_cross, gammafunk_ghost_arena
D:4:      layout_gridville, minmay_temple_entry_mini_moons, hex_medium,
          hex_tiny, minmay_stone_trees_small
D:5:      layout_gridville, mainiacjoe_overflow_alcove_4, xom_teletrap_fun,
          uniq_edmund
D:6:      layout_loops_cross, amcnicky_mini_corridor_feature,
          minmay_misc_feat_encased, minmay_misc_feat_chi,
          minmay_splitting_lines, uniq_blork_the_orc
D:7:      layout_cave_pools, serial_bayou_lagoon_b, uniq_joseph
Temple:   cyrus_temple_forest

Skill      XL: |  1  2  3  4  5  6  7  8  9 |
---------------+----------------------------+-----
Stealth        | 3 |  3.5
Dodging        | 3 4 5 6 7 8 |  8.0
Poison Magic   | 4 5 6 7 9 10 | 10.5
Spellcasting   | 4 5 6 8 |  8.9
Evocations     | 2 3 |  3.0
Transmutations | |  1.5

Action                   |  1- 3 |  4- 6 |  7- 9 || total
-------------------------+-------+-------+-------++-------
Melee: Hand axe          |     4 |       |    11 ||    15
       Staff             |       |    43 |    14 ||    57
       Short sword       |       |       |     2 ||     2
 Cast: Sting             |    78 |   104 |   207 ||   389
       Olgreb's Toxic Ra |       |     5 |    17 ||    22
       Poisonous Vapours |       |       |    29 ||    29
Invok: Foxfire Swarm     |       |     2 |       ||     2
  Use: Potion            |       |     9 |     2 ||    11
       Scroll            |       |     5 |     6 ||    11
 Stab: Invisible         |       |     3 |       ||     3
Armor: Robe              |     5 |     9 |    26 ||    40
       Skin              |       |    30 |       ||    30
Dodge: Dodged            |    24 |    36 |   115 ||   175

Table legend: (Time is in decaauts)
 A = Elapsed time spent in this place.
 B = Non-inter-level travel time spent in this place.
 C = Inter-level travel time spent in this place.
 D = Time resting spent in this place.
 E = Time spent auto-exploring this place.
 F = Levels seen in this place.
 G = Mean time per level.
                   A        B        C        D        E       F      G
               +--------+--------+--------+--------+--------+-----+--------+
         Total |  10663 |  10137 |    526 |   1851 |   7046 |   8 | 1332.9 |
       Dungeon |  10566 |  10068 |    498 |   1851 |   6996 |   7 | 1509.4 |
        Temple |     96 |     68 |     28 |      0 |     50 |   1 |   96.0 |
               +--------+--------+--------+--------+--------+-----+--------+

Top non-repeatable levels by time:
     D:6: 2259 daAuts
     D:5: 1777 daAuts
     D:1: 1592 daAuts
     D:2: 1436 daAuts
     D:3: 1425 daAuts
     D:4: 1408 daAuts
     D:7: 666 daAuts
  Temple: 96 daAuts
